 Dungeon Crawl Stone Soup version 0.30-a0-585-g93115170b9 (webtiles) character file.

Game seed: 1165067689595783199

47 MineK the Basher (level 3, 0/26 HPs)
             Began as a Gnoll Wanderer on Jan 2, 2023.
             Slain by a goblin
             ... wielding a +0 club
             ... led by Robin
              (5 damage)
             ... on level 2 of the Dungeon.
             The game lasted 00:04:35 (1284 turns).

MineK the Basher (Gnoll Wanderer)                   Turns: 1284, Time: 00:04:35

Health: 0/26       AC:  3    Str: 16    XL:     3   Next: 70%
Magic:  7/7        EV: 11    Int: 12    God:
Gold:   85         SH:  0    Dex:  7    Spells: 6/7 levels left

rFire   . . .      SeeInvis .    a - +0 flail
rCold   . . .      Faith    .    (no shield)
rNeg    . . .      Spirit   .    d - +0 leather armour
rPois   .          Reflect  .    (no helmet)
rElec   .          Harm     .    (no cloak)
rCorr   .          Rampage  .    (no gloves)
Will    .....                    (no boots)
Stlth   +                        (no amulet)
HPRegen 0.24/turn                (no ring)
MPRegen 0.10/turn                (no ring)

@: no status effects
A: fangs 1, strong nose, distributed training
a: no special abilities


You were on level 2 of the Dungeon.
You visited 1 branch of the dungeon, and saw 3 of its levels.

You collected 85 gold pieces.

Inventory:

Hand Weapons
 a - a +0 flail (weapon)
Missiles
 n - a throwing net
Armour
 d - a +0 leather armour (worn)
Wands
 b - a wand of flame (5)
Scrolls
 c - 2 scrolls of blinking
 g - a scroll of fog {unknown}
 i - a scroll of identify {unknown}
 j - a scroll of vulnerability {unknown}
 k - a scroll of poison {unknown}
 o - a scroll of teleportation {unknown}
Potions
 e - 2 potions of brilliance {unknown}
 f - a potion of curing {unknown}
 h - 2 potions of lignification {unknown}
 l - a potion of attraction {unknown}
 m - a potion of mutation {unknown}


   Skills:
 + Level 1.0 Fighting
 + Level 1.0 Short Blades
 + Level 1.0 Long Blades
 + Level 1.0 Axes
 + Level 10.4 Maces & Flails
 + Level 1.0 Polearms
 + Level 1.0 Staves
 + Level 1.0 Ranged Weapons
 + Level 1.0 Throwing
 + Level 1.0 Armour
 + Level 1.0 Dodging
 + Level 1.0 Stealth
 + Level 1.0 Shields
 + Level 1.0 Unarmed Combat
 + Level 2.9 Spellcasting
 + Level 0.7 Conjurations
 + Level 0.7 Hexes
 + Level 0.7 Summonings
 + Level 0.7 Necromancy
 + Level 0.7 Translocations
 + Level 3.8 Transmutations
 + Level 0.7 Fire Magic
 + Level 0.7 Ice Magic
 + Level 0.7 Air Magic
 + Level 0.7 Earth Magic
 + Level 0.7 Poison Magic
 + Level 1.0 Invocations
 + Level 4.6 Evocations


You had 6 spell levels left.
You knew the following spells:

 Your Spells              Type           Power      Damage    Failure   Level
a - Sting                 Tmut/Pois      28%        1d4       12%         1

Your spell library contained the following spells:

 Spells                   Type           Power      Damage    Failure   Level
 Spider Form              Tmut/Pois      7%         N/A       36%         3


Dungeon Overview and Level Annotations

Branches:
Dungeon (3/15)

Altars:

Annotations:
D:2 Robin


Innate Abilities, Weirdness & Mutations

You have very sharp teeth.
Your uncanny sense of smell can sniff out nearby items.
Your experience applies equally to all skills.


Message History

Your Long Blades skill increases to level 1!
Your Axes skill increases to level 1!
Your Polearms skill increases to level 1!
Your Staves skill increases to level 1!
Your Ranged Weapons skill increases to level 1!
Your Throwing skill increases to level 1!
Your Armour skill increases to level 1!
Your Dodging skill increases to level 1!
Your Stealth skill increases to level 1!
Your Shields skill increases to level 1!
Your Unarmed Combat skill increases to level 1!
The goblin misses you. The hobgoblin misses you.
There is an open door here.
You see here a +0 club.
You barely miss the hobgoblin.
Robin of the Strong Arm comes into view.
They are wielding a +0 club.
The goblin hits you but does no damage. x2
The hobgoblin hits you but does no damage.
Robin roars a battlecry!
The goblins go into a battle-frenzy!
The goblin hits you with a +0 club. The goblin closely misses you.
The hobgoblin barely misses you.
You barely miss the hobgoblin. The goblin hits you with a +0 club.
The goblin closely misses you. The hobgoblin hits you.
The goblin attacks as you move away! The goblin closely misses you.
You hit the goblin.
You kill the goblin!
You barely miss the goblin. Robin throws the goblin at you!
The goblin hits you with a +0 spear.
You are too injured to fight recklessly!
The goblin attacks as you move away! The goblin hits you with a +0 dagger.
Robin throws the goblin at you! The goblin misses you.
The goblin hits you but does no damage. The goblin hits you with a +0 dagger.
The goblin attacks as you move away! The goblin hits you but does no damage.
The goblin hits you from afar with a +0 spear!
* * * LOW HITPOINT WARNING * * *
The goblin attacks as you move away! The goblin hits you but does no damage.
The goblin attacks as you move away! The goblin closely misses you.
The goblin attacks as you move away! The goblin hits you with a +0 club.
You die...

.###.........####....g....#
..##.###......# #..g....#
#.##.# #####..# #g.gg.#
..##.# #..# #g.g# .###.#
###..#######g### .# #..
........g.ggg..# .# ###
###.#.g####g#.# ## #.g#
##.#.#### .#.@###.........
#............####
###..##...<..# #..##.#.#..#
#..##.....#.# ...........##
#######.#### #.# ######.###


You could see 3 goblins.

Vanquished Creatures
  A dart slug (D:1)
  4 ball pythons
  3 endoplasms
  A giant cockroach (D:1)
  4 goblins (D:2)
  5 hobgoblins
  6 jackals
  4 kobolds
  2 quokkas (D:1)
  3 bats
  4 rats (D:1)
37 creatures vanquished.

Notes
Turn   | Place    | Note
-------+----------+-------------------------------------------
     0 | D:1      | Reached skill level 10 in Maces & Flails
     0 | D:1      | MineK the Gnoll Wanderer began the quest for the Orb.
     0 | D:1      | MineK set off with the following items: a +0 flail, a wand
                  | of flame (5), a scroll of blinking, a +0 leather armour;
                  | and the following spell memorised: Sting; and the following
                  | spells available to memorise: Spider Form.
     0 | D:1      | Reached XP level 1. HP: 13/13 MP: 4/4
   113 | D:1      | Reached XP level 2. HP: 19/19 MP: 5/5
   493 | D:1      | Reached XP level 3. HP: 24/25 MP: 7/7
   859 | D:2      | Identified the +2 hand axe "Qaaxt" {flame, rPois MP+9}
   864 | D:2      | Reached skill level 1 in Invocations
   909 | D:2      | You fall into a shaft and drop 1 floor!
  1270 | D:2      | Reached skill level 1 in Fighting
  1270 | D:2      | Reached skill level 1 in Short Blades
  1270 | D:2      | Reached skill level 1 in Long Blades
  1270 | D:2      | Reached skill level 1 in Axes
  1270 | D:2      | Reached skill level 1 in Polearms
  1270 | D:2      | Reached skill level 1 in Staves
  1270 | D:2      | Reached skill level 1 in Ranged Weapons
  1270 | D:2      | Reached skill level 1 in Throwing
  1270 | D:2      | Reached skill level 1 in Armour
  1270 | D:2      | Reached skill level 1 in Dodging
  1270 | D:2      | Reached skill level 1 in Stealth
  1270 | D:2      | Reached skill level 1 in Shields
  1270 | D:2      | Reached skill level 1 in Unarmed Combat
  1271 | D:2      | Noticed Robin
  1284 | D:2      | Slain by a goblin

Illustrated notes

Levels and vault maps discovered:
D:1:      minmay_arrival_stair_chambers, layout_basic
D:2:      layout_loops_corners, uniq_robin
D:3:      layout_basic

Skill      XL: |  1  2  3 |
---------------+----------+-----
Maces & Flails | | 10.4
Invocations    | 1 |  1.0
Fighting       | 1 |  1.0
Short Blades   | 1 |  1.0
Long Blades    | 1 |  1.0
Axes           | 1 |  1.0
Polearms       | 1 |  1.0
Staves         | 1 |  1.0
Ranged Weapons | 1 |  1.0
Throwing       | 1 |  1.0
Armour         | 1 |  1.0
Dodging        | 1 |  1.0
Stealth        | 1 |  1.0
Shields        | 1 |  1.0
Unarmed Combat | 1 |  1.0
Spellcasting   | |  2.9
Conjurations   | |  0.7
Hexes          | |  0.7
Summonings     | |  0.7
Necromancy     | |  0.7
Translocations | |  0.7
Transmutations | |  3.8
Fire Magic     | |  0.7
Ice Magic      | |  0.7
Air Magic      | |  0.7
Earth Magic    | |  0.7
Poison Magic   | |  0.7
Evocations     | |  4.6

Action                   || total
-------------------------++-------
Melee: Flail             ||   101
       Bite              ||     7
       Punch             ||     1
Armor: Leather armour    ||    23
Dodge: Dodged            ||    57

Table legend: (Time is in decaauts)
 A = Elapsed time spent in this place.
 B = Non-inter-level travel time spent in this place.
 C = Inter-level travel time spent in this place.
 D = Time resting spent in this place.
 E = Time spent auto-exploring this place.
 F = Levels seen in this place.
 G = Mean time per level.
                   A        B        C        D        E       F      G
               +--------+--------+--------+--------+--------+-----+--------+
         Total |   1272 |   1213 |     59 |      0 |    899 |   3 |  424.0 |
       Dungeon |   1272 |   1213 |     59 |      0 |    899 |   3 |  424.0 |
               +--------+--------+--------+--------+--------+-----+--------+

Top non-repeatable levels by time:
     D:2: 604 daAuts
     D:1: 573 daAuts
     D:3: 94 daAuts
